 Dungeon Crawl Stone Soup version 0.32-a0-886-g41c5271027 (webtiles) character file.

Game seed: 14845290627611623840

446 Leszczynek the Trooper (level 7, -1/71 HPs)
             Began as an Oni Warper on Apr 2, 2024.
             Slain by a crocodile (15 damage)
             ... in a sewer.
             The game lasted 00:15:17 (2179 turns).

Leszczynek the Trooper (Oni Warper)                 Turns: 2179, Time: 00:15:18

Health: -1/71      AC:  4    Str: 16    XL:     7   Next: 3%
Magic:  2/10       EV: 13    Int: 16    God:
Gold:   70         SH:  0    Dex:  8    Spells: 5/10 levels left

rFire   . . .        a - +0 mace
rCold   . . .        (no shield)
rNeg    . . .        b - +0 robe
rPois   .            (helmet restricted)
rElec   .            q - +0 cloak
rCorr   .            (gloves unavailable)
SInv    .            (boots unavailable)
Will    +....        (no amulet)
Stlth   +            m - +5 ring of evasion
HPRegen 0.31/turn    (no ring)
MPRegen 0.12/turn

%: no passive effects
@: mighty, enlightened, flying, very slightly contaminated, invisible
A: large, unfitting armour, horns 1, tough skin 1, double potion healing,
drunken brawling
a: no special abilities


You were in a sewer.
You visited 1 branch of the dungeon, and saw 4 of its levels.
You also visited: Sewer.

You collected 70 gold pieces.

Inventory:

Hand Weapons
 a - a +0 mace (weapon)
 j - a +0 flail
 s - a +0 giant club
Missiles
 d - 6 darts of dispersal (quivered)
Armour
 b - a +0 robe (worn)
 g - a +0 kite shield
 q - a +0 cloak (worn)
Jewellery
 m - a +5 ring of evasion (left hand)
Scrolls
 c - 2 scrolls of blinking
 i - a scroll of fog
 k - 4 scrolls of noise {unknown}
 l - 3 scrolls of identify {unknown}
 n - a scroll of enchant armour {unknown}
 o - 3 scrolls of teleportation
 p - a scroll of brand weapon {unknown}
 r - a scroll of vulnerability {unknown}
Potions
 e - a potion of brilliance
 t - a potion of enlightenment


   Skills:
 + Level 4.3 Fighting
 - Level 3.0 Maces & Flails
 - Level 1.0 Throwing
 - Level 2.1 Dodging
 - Level 2.4 Spellcasting
 * Level 3.6 Conjurations
 - Level 2.6 Translocations
 * Level 3.7 Earth Magic


You had 5 spell levels left.
You knew the following spells:

 Your Spells              Type           Power      Damage    Failure   Level
a - Stone Arrow           Conj/Erth      26%        3d8       13%         3
B - Blink                 Tloc           20%        N/A       10%         2

Your spell library contained the following spells:

 Spells                   Type           Power      Damage    Failure   Level
 Lesser Beckoning         Tloc           20%        N/A       10%         2
 Maxwell's Portable Pile  Tloc           10%        2d(6-16)  21%         3
 Teleport Other           Tloc           10%        N/A       21%         3
 Animate Armour           Summ/Erth      14%        N/A       67%         4
 Vhi's Electric Charge    Tloc/Air       12%        N/A       75%         4
 Lehudib's Crystal Spear  Conj/Erth      6%         10d3      100%        8


Dungeon Overview and Level Annotations

Branches:
Dungeon (4/15)              Sewer (1/1)
 Temple: D:4-7

Altars:

Shops:
D:3 =


Innate Abilities, Weirdness & Mutations

You are too large for most types of armour.
You have a pair of small horns on your head.
You have tough skin. (AC +1)
You gain doubled healing and magic from potions.
Whenever you drink a healing potion, you attack all around you.


Message History

Aiming: Stone Arrow (dangerous; 13% risk of failure)
Press: ? - help, Shift-Dir - straight line, f/p - crocodile
Aim: a crocodile (moderately wounded, unable to see you, 60% to hit)
You miscast Stone Arrow.
You are very lightly contaminated with residual magic.
Nothing appears to happen.
The crocodile bites you.
* * * LOW HITPOINT WARNING * * *
Unknown command.
Casting: Stone Arrow (dangerous; 13% risk of failure)
Confirm with . or Enter, or press ? or * to list all spells.
Aiming: Stone Arrow (dangerous; 13% risk of failure)
Press: ? - help, Shift-Dir - straight line, f/p - crocodile
Aim: a crocodile (moderately wounded, unable to see you, 60% to hit)
The stone arrow hits the crocodile!
The crocodile is heavily wounded.
The crocodile bites you.
* * * LOW HITPOINT WARNING * * *
Unknown command.
Unknown command.
Casting: Stone Arrow (dangerous; 13% risk of failure)
Confirm with . or Enter, or press ? or * to list all spells.
Aiming: Stone Arrow (dangerous; 13% risk of failure)
Press: ? - help, Shift-Dir - straight line, f/p - crocodile
Aim: a crocodile (heavily wounded, unable to see you, 60% to hit)
The stone arrow misses the crocodile.
The crocodile closely misses you.
Unknown command.
Casting: Stone Arrow (dangerous; 13% risk of failure)
Confirm with . or Enter, or press ? or * to list all spells.
You don't have enough magic to cast this spell.
Unknown command.
You barely miss the crocodile.
The crocodile is heavily wounded.
The crocodile misses you.
You sock the crocodile!
The crocodile is almost dead.
The crocodile misses you. The crocodile closely misses you.
You completely miss the crocodile.
The crocodile is almost dead.
The crocodile bites you!
You die...

.#?$ #.#~
~..#
##.~~##
#.~~..#
##.....
#l..#
##@.#
#...#
#~.## #..#
#..# ~.#
#..## #..#
#..~# ...#
##~~###~.#
#.~.#~..#


You could see a crocodile (unable to see you).

Vanquished Creatures
  An ogre (D:4)
  3 hounds (D:4)
  An orc priest (D:3)
  3 orc wizards
  5 adders
  A river rat (D:4)
  2 ufetubi (D:3)
  4 dart slugs
  A ribbon worm (D:2)
  16 orcs
  2 ball pythons (D:4)
  4 endoplasms
  A giant cockroach (D:2)
  5 goblins
  7 hobgoblins
  9 jackals
  A quokka (D:2)
  3 bats
  5 frilled lizards
  6 kobolds
  3 rats
83 creatures vanquished.

Notes
Turn   | Place    | Note
-------+----------+-------------------------------------------
     0 | D:1      | Leszczynek the Oni Warper began the quest for the Orb.
     0 | D:1      | Reached XP level 1. HP: 22/22 MP: 3/3
   164 | D:1      | Reached skill level 3 in Fighting
   164 | D:1      | Reached XP level 2. HP: 29/31 MP: 5/5
   287 | D:1      | Learned a level 2 spell: Blink
   449 | D:2      | Reached XP level 3. HP: 21/37 MP: 6/6
   519 | D:2      | Reached skill level 1 in Conjurations
   529 | D:2      | Reached skill level 1 in Earth Magic
   533 | D:2      | Learned a level 3 spell: Stone Arrow
   823 | D:2      | Reached XP level 4. HP: 37/45 MP: 7/7
   938 | D:3      | Found Ducitt's Jewellery Shop.
   939 | D:3      | Identified the +1 leather armour of the Untouchables {rC-
                  | Will+++ Int+3}
   987 | D:3      | Reached skill level 3 in Maces & Flails
   991 | D:3      | Reached skill level 2 in Conjurations
   991 | D:3      | Reached skill level 2 in Earth Magic
   996 | D:3      | HP: 4/45 [orc/+0 trident (6)]
  1166 | D:3      | HP: 8/45 [ufetubus (3)]
  1516 | D:3      | Reached XP level 5. HP: 53/53 MP: 8/8
  1661 | D:4      | Noticed a phantom
  1797 | D:4      | Reached XP level 6. HP: 43/62 MP: 5/9
  1829 | D:4      | Reached skill level 3 in Conjurations
  1829 | D:4      | Reached skill level 3 in Earth Magic
  1965 | D:4      | Reached skill level 4 in Fighting
  2081 | D:4      | Reached XP level 7. HP: 70/70 MP: 10/10
  2097 | D:4      | Found a glowing drain.
  2101 | Sewer    | Entered a sewer
  2175 | Sewer    | HP: 13/71 [crocodile (2)]
  2179 | Sewer    | Slain by a crocodile

Illustrated notes

Levels and vault maps discovered:
D:1:      minmay_arrival_three_doors, layout_basic
D:2:      layout_basic
D:3:      layout_loops_ring, serial_shops, nicolae_shop_tiny_waterfront
D:4:      layout_basic, mainiacjoe_sewer_entry_somewhere_in_here_2
Sewer:    sewer_the_crocodile

Skill      XL: |  1  2  3  4  5  6 |
---------------+-------------------+-----
Fighting       | 3 4 |  4.3
Conjurations   | 1 2 3 |  3.6
Earth Magic    | 1 2 3 |  3.7
Maces & Flails | 3 |  3.0
Throwing       | |  1.0
Dodging        | |  2.1
Spellcasting   | |  2.4
Translocations | |  2.6

Action                     |  1- 3 |  4- 6 |  7- 9 || total
---------------------------+-------+-------+-------++-------
  Melee: Mace              |   120 |   203 |    24 ||   347
         Headbutt          |     9 |    24 |     2 ||    35
  Throw: Dart              |       |     1 |       ||     1
   Cast: Blink             |       |     3 |       ||     3
         Stone Arrow       |       |     7 |     5 ||    12
    Use: Scroll            |     2 |     1 |       ||     3
         Potion            |       |     6 |     4 ||    10
 Armour: Robe              |    84 |   146 |     9 ||   239
  Dodge: Dodged            |    90 |   201 |    13 ||   304

Table legend: (Time is in decaauts)
 A = Elapsed time spent in this place.
 B = Non-inter-level travel time spent in this place.
 C = Inter-level travel time spent in this place.
 D = Time resting spent in this place.
 E = Time spent auto-exploring this place.
 F = Levels seen in this place.
 G = Mean time per level.
                   A        B        C        D        E       F      G
               +--------+--------+--------+--------+--------+-----+--------+
         Total |   2304 |   2155 |    149 |     14 |      0 |   5 |  460.8 |
       Dungeon |   2221 |   2072 |    149 |     14 |      0 |   4 |  555.2 |
         Sewer |     82 |     82 |      0 |      0 |      0 |   1 |   82.0 |
               +--------+--------+--------+--------+--------+-----+--------+

Top non-repeatable levels by time:
     D:3: 776 daAuts
     D:2: 666 daAuts
     D:4: 456 daAuts
     D:1: 322 daAuts
   Sewer: 82 daAuts
